AoeStats
← aaron05148834

Golden Pit

507960478Analyzed
1v1 RM · 10d ago on Sep 20, 2026· 27m 51s· 2 players
Game mode
Random Map
Map size
Tiny (2 player)
Population
200
Speed
Normal
Resources
Standard
Victory
Conquest
Starting age
Dark Age
Ending age
Imperial Age
RankedLock teamsTeams togetherTeam positionsShared explorationLock speedFull tech treeHidden civsTurbo modeCheats
Victory
Defeat
🇿🇦 Wei · South Africa
460
+16
🇺🇸 Celts · United States
463
-16
johnichov
5:39 Loom
10:01 Feudal Age
12:32 Wheelbarrow
19:32 Castle Age
23:52 Gold Mining
23:53 Stone Mining
26:41 Tuntian
26:48 Double-Bit Axe
aaron05148834
1:43 Loom
11:07 Feudal Age
12:06 Double-Bit Axe
15:22 Forging
23:22 Castle Age
21:17 Arson
Connection lost

Rejoining the realm…

Still unreachable

The connection could not be restored.

Session expired

The server has moved on; the page needs a fresh start.